 Dungeon Crawl Stone Soup version 0.21-a0-552-g593960d (webtiles) character file.

43 slep the Ducker (level 3, 0/28 HPs)
             Began as a Demonspawn Gladiator on Dec 17, 2017.
             Slain by an adder (3 damage)
             ... on level 2 of the Dungeon.
             The game lasted 00:02:26 (684 turns).

slep the Ducker (Demonspawn Gladiator)               Turns: 684, Time: 00:02:27

Health: 0/28       AC:  4    Str: 14    XL:     3   Next: 37%
Magic:  3/3        EV: 13    Int:  9    God:
Gold:   27         SH:  0    Dex: 15    Spells: 2/2 levels left

rFire    . . .     SeeInvis .   a - +0 war axe
rCold    . . .     Gourm    .   (no shield)
rNeg     . . .     Faith    .   b - +0 leather armour
rPois    .         Spirit   .   c - +0 helmet
rElec    .         Reflect  .   (no cloak)
rCorr    .         Harm     .   (no gloves)
MR       .....                  (no boots)
Stlth    +.........             (no amulet)
HPRegen  0.09/turn              (no ring)
MPRegen  0.08/turn              (no ring)

@: lethally poisoned (0 -> -6)
A: hooves 1
a: no special abilities


You were on level 2 of the Dungeon.
You were not hungry.

You visited 1 branch of the dungeon, and saw 2 of its levels.

You collected 27 gold pieces.

Inventory:

Hand Weapons
 a - a +0 war axe (weapon)
Missiles
 d - 5 throwing nets (quivered)
 h - 16 sling bullets
 k - 5 poisoned needles
Armour
 b - a +0 leather armour (worn)
 c - a +0 helmet (worn)
Scrolls
 e - a scroll of identify {unknown}
 n - a scroll of fog {unknown}
 r - a scroll of remove curse {unknown}
Potions
 i - a potion of brilliance {unknown}
 j - a potion of magic {unknown}
 l - a potion of haste {unknown}
 o - 2 potions of might {unknown}
 p - a potion of cancellation {unknown}
Comestibles
 f - 2 bread rations
 g - a meat ration
 m - a royal jelly
 q - 4 chunks of flesh


   Skills:
 + Level 2.4 Fighting
 + Level 3.2 Axes
 + Level 1.8 Throwing
 + Level 0.2 Armour
 + Level 3.3 Dodging


You had 2 spell levels left.
You didn't know any spells.

Dungeon Overview and Level Annotations

Branches:
Dungeon (2/15)

Altars:
Elyvilon
Zin
The Shining One


Innate Abilities, Weirdness & Mutations

You have large cloven feet.


Message History

The adder bites you.
* * * LOW HITPOINT WARNING * * *
The adder bites you but does no damage.
You closely miss the adder. Your kick misses the adder.
The adder is moderately wounded.
You feel sick. The adder barely misses you. The adder closely misses you.
You hit the adder but do no damage. Your kick misses the adder.
The adder is moderately wounded.
The adder barely misses you. The adder misses you.
You miss the adder. You kick the adder.
The adder is severely wounded.
The adder bites you.
* * * LOW HITPOINT WARNING * * *
You are lethally poisoned!
The adder poisons you!
You miss the adder. Your kick misses the adder.
The adder is heavily wounded.
* * * LOW HITPOINT WARNING * * *
You feel sick. The adder closely misses you. The adder bites you.
You die...

#..+._≈......# ##.#
#.⌠+.≈≈..##### #.## ##.⌠≈_≈≈#.#
#..#
#...≈≈≈...###########.##########
#...............................
#...†.............####.#...## .#
#....##########...# #.....# ..
###### #...# ##....###.# #@..#
#..#...<.. ......)S..#
##.#...... ..........# #.#......
.........## ........# ..........
##.####.# ........... .... .#
########... ..## .# .... .. .#


You could see an adder.

Vanquished Creatures
  An ooze (D:1)
  A dart slug (D:1)
  A leopard gecko (D:1)
  3 orcs (D:2)
  A bat (D:1)
  A giant cockroach (D:1)
  6 hobgoblins
  4 jackals (D:1)
  2 frilled lizards (D:1)
  6 goblins
  2 kobolds (D:1)
  A rat (D:1)
29 creatures vanquished.

Notes
Turn   | Place    | Note
-------+----------+-------------------------------------------
     0 | D:1      | slep the Demonspawn Gladiator began the quest for the Orb.
     0 | D:1      | Reached XP level 1. HP: 16/16 MP: 1/1
   115 | D:1      | Gained mutation: You have large cloven feet. [demonic ancestry]
   115 | D:1      | Reached XP level 2. HP: 22/22 MP: 2/2
   312 | D:1      | Reached XP level 3. HP: 23/27 MP: 3/3
   606 | D:2      | Found a glowing silver altar of Zin.
   607 | D:2      | Found a white marble altar of Elyvilon.
   609 | D:2      | Found a glowing golden altar of the Shining One.
   684 | D:2      | Slain by an adder

Vault maps used:
D:1:      lightli_arrival_noodles
D:2:      good_gods_mini_temple, grunt_gozag_breadcrumbs,
          yredelemnul_altar_generic

Skill      XL: |  1 |
---------------+----+-----
Axes           | 3 |  3.2
Dodging        | 3 |  3.3
Fighting       | |  2.4
Throwing       | |  1.8
Armour         | |  0.2

Action                   || total
-------------------------++-------
Melee: War axe           ||    82
       Kick              ||    11
Armor: Leather armour    ||    30
Dodge: Dodged            ||    81

Table legend:
 A = Spawn XP
 B = Non-spawn XP
 C = Spawn XP percentage of total XP
 D = Spawn monster count
 E = Non-spawn monster count
 F = Spawn count percentage of total count
 G = Total turns spent on level
                    A         B        C        D         E        F      G
               +---------+---------+-------+---------+---------+-------+---------
         Total |       0 |      62 |   0.0 |       0 |      29 |   0.0 |   684
               +---------+---------+-------+---------+---------+-------+---------
           D:1 |       0 |      45 |   0.0 |       0 |      22 |   0.0 |   579
           D:2 |       0 |      17 |   0.0 |       0 |       7 |   0.0 |   105
               +---------+---------+-------+---------+---------+-------+---------
